 Dungeon Crawl Stone Soup version 0.29-a0-575-g0dc89cf053 (webtiles) character file.

Game seed: 16295778315888690983

1641 KristoblXynda the Carver (level 8, -1/69 (71) HPs)
             Began as a Yellow Draconian Gladiator on June 13, 2022.
             Slain by Duvessa
             ... wielding a +0 rapier
              (7 damage)
             ... on level 5 of the Dungeon.
             The game lasted 00:05:51 (6558 turns).

KristoblXynda the Carver (DrGl)                     Turns: 6558, Time: 00:05:52

HP:   -1/69 (71)    AC:  6    Str: 17    XL:     8   Next: 66%
MP:   8/8           EV: 14    Int: 10    God:
Gold: 75            SH:  0    Dex: 13    Spells: 7/7 levels left

rFire   . . .      SeeInvis .   a - +0 long sword
rCold   . . .      Faith    .   (no shield)
rNeg    . . .      Spirit   .   (body armour unavailable)
rPois   .          Reflect  .   b - +0 hat
rElec   .          Harm     .   (no cloak)
rCorr   +          Rampage  .   (no gloves)
Will    .....                   (no boots)
Stlth   +.........              (no amulet)
HPRegen 0.21/turn               (no ring)
MPRegen 0.11/turn               (no ring)

@: mighty, short of breath, lightly drained
A: spit acid, AC +6, unfitting armour, cold-blooded, acid resistance
a: Breathe Acid


You were on level 5 of the Dungeon.
You visited 1 branch of the dungeon, and saw 5 of its levels.

You collected 205 gold pieces.
You spent 130 gold pieces at shops.

Inventory:

Hand Weapons
 a - a +0 long sword (weapon)
Missiles
 c - a throwing net (quivered)
 n - a javelin
Armour
 b - a +0 hat (worn)
Scrolls
 f - a scroll of poison {unknown}
 h - a scroll of enchant weapon {unknown}
 l - 2 scrolls of magic mapping {unknown}
 m - 4 scrolls of fog
 o - 2 scrolls of teleportation
 q - a scroll of brand weapon
 s - a scroll of blinking {unknown}
 u - a scroll of summoning {unknown}
Potions
 d - a potion of mutation
 e - 2 potions of attraction
 i - a potion of cancellation
 j - 2 potions of flight
 k - 2 potions of curing
 p - 2 potions of brilliance
 r - a potion of haste {unknown}
 t - a potion of invisibility {unknown}


   Skills:
 + Level 6.3 Fighting
 * Level 8.3 Long Blades
 - Level 2.0 Throwing
 + Level 5.7 Dodging


You had 7 spell levels left.
You didn't know any spells.
Your spell library contained the following spells:

 Spells                   Type           Power      Damage    Failure   Level
 Foxfire                  Conj/Fire      0%         2x1d4     36%         1
 Conjure Flame            Conj/Fire      0%         6-21      75%         3
 Inner Flame              Hex/Fire       0%         N/A       75%         3
 Ozocubu's Armour         Ice            0%         N/A       75%         3
 Flame Wave               Conj/Fire      0%         2d4       98%         4
 Metabolic Englaciation   Hex/Ice        0%         N/A       100%        5
 Simulacrum               Ice/Necr       0%         N/A       100%        6


Dungeon Overview and Level Annotations

Branches:
Dungeon (5/15)
 Temple: D:4-7

Altars:
Elyvilon
Kikubaaqudgha
Trog
Xom
The Shining One

Shops:
D:5 !!

Annotations:
D:3 3 runed translucent doors, paps's ghost, amateur OpSu
D:5 Dowan; Duvessa


Innate Abilities, Weirdness & Mutations

You can spit globs of acid.
Your golden yellow scales are hard. (AC +6)
You cannot fit into any form of body armour.
You are cold-blooded and may be slowed by cold attacks.
You are resistant to acid. (rCorr)


Message History

You closely miss Duvessa.
You tail-slap Duvessa, but do no damage.
Duvessa is moderately wounded.
Duvessa closely misses you. Duvessa hits you but does no damage.
Dowan points at you and mumbles some strange words.
The puff of flame hits you!
You closely miss Duvessa. You tail-slap Duvessa.
Duvessa is moderately wounded.
You are engulfed in a cloud of scalding steam.
Duvessa hits you with a +0 rapier. Duvessa hits you with a +0 rapier. x2
You barely miss Duvessa.
Duvessa is moderately wounded.
Duvessa hits you with a +0 rapier!
* * * LOW HITPOINT WARNING * * *
Duvessa attacks as you move away! Duvessa hits you with a +0 rapier!
* * * LOW HITPOINT WARNING * * *
Duvessa misses you.
You feel much better. Duvessa hits you with a +0 rapier!
You feel very mighty all of a sudden. Duvessa hits you with a +0 rapier.
* * * LOW HITPOINT WARNING * * *
Duvessa hits you with a +0 rapier!
* * * LOW HITPOINT WARNING * * *
Dowan barely misses you. Dowan attacks as you move away!
Dowan barely misses you. Duvessa attacks as you move away!
Duvessa hits you but does no damage.
Unknown command.
You feel much better. Duvessa hits you with a +0 rapier!
* * * LOW HITPOINT WARNING * * *
Duvessa hits you with a +0 rapier.
* * * LOW HITPOINT WARNING * * *
You hit Duvessa.
Duvessa is heavily wounded.
Duvessa hits you with a +0 rapier!
* * * LOW HITPOINT WARNING * * *
You closely miss Duvessa.
Duvessa is heavily wounded.
Duvessa hits you with a +0 rapier!
You die...

#.# #...............# #.#
#.#.#.#.#.#.#.#.#
#.###.#.............#
)♣........⌠.....⌠...##
.∩.♣#........_.......#
#♣.###....).....⌠e...#
###.#................##.
.....##.#.#.#.#.#e#.....#
####.##.........@...#####
##.########.##....# #...#
#.......# #...# # #####.#
#...# .# ###...###. ..
..∩.......# #.#
........... ..........#


You could see Duvessa (fast) and Dowan (corroded).

Vanquished Creatures
  Pikel (D:5)
  Pargi (D:3)
  2 black bears
  2 phantoms (D:4)
  A necrophage (D:5)
  A scorpion (D:5)
  A crimson imp (D:3)
  A hound (D:5)
  3 orc priests
  Jessica (D:3)
  Terence (D:2)
  2 iguanas (D:5)
  4 orc wizards (D:4)
  7 adders
  5 orcs
  5 bats
  11 endoplasms
  7 giant cockroaches
  3 goblins
  8 hobgoblins
  7 jackals
  7 kobolds
  3 quokkas
  7 ball pythons
  3 frilled lizards
  2 goblin skeletons (D:3)
  A hobgoblin zombie (D:3)
  2 kobold skeletons (D:3)
  2 orc skeletons (D:3)
  An orc zombie (D:3)
  4 rats
106 creatures vanquished.

Vanquished Creatures (others)
  5 dream sheep (D:5)
5 creatures vanquished.

Grand Total: 111 creatures vanquished

Notes
Turn   | Place    | Note
-------+----------+-------------------------------------------
     0 | D:1      | KristoblXynda the Draconian Gladiator began the quest for
                  | the Orb.
     0 | D:1      | Reached XP level 1. HP: 17/17 MP: 1/1
   108 | D:1      | Reached XP level 2. HP: 23/25 MP: 2/2
   789 | D:1      | Found a faded altar of an unknown god.
  1234 | D:2      | Reached XP level 3. HP: 27/30 MP: 3/3
  1467 | D:2      | Noticed Terence
  1482 | D:2      | Killed Terence
  2008 | D:2      | Reached XP level 4. HP: 38/38 MP: 4/4
  2365 | D:3      | Found a bloodstained altar of Trog.
  2417 | D:3      | Reached skill level 4 in Long Blades
  2923 | D:3      | Noticed Jessica
  2938 | D:3      | Killed Jessica
  2939 | D:3      | Reached XP level 5. HP: 31/45 MP: 5/5
  3116 | D:3      | Found a glowing golden altar of the Shining One.
  3414 | D:3      | Found a runed translucent gate.
  3416 | D:3      | Found a runed translucent gate.
  3417 | D:3      | Found a runed translucent gate.
  3425 | D:3      | Noticed paps's ghost (amateur OpSu)
  3604 | D:3      | Noticed Pargi
  3622 | D:3      | Killed Pargi
  3623 | D:3      | Reached skill level 5 in Long Blades
  3623 | D:3      | Reached XP level 6. HP: 13/52 MP: 6/6
  4473 | D:4      | Your scales start taking on a golden yellow colour.
  4473 | D:4      | Reached XP level 7. HP: 51/60 MP: 7/7
  4473 | D:4      | Gained mutation: You are resistant to acid. (rCorr) [Yellow
                  | Draconian growth]
  4531 | D:4      | Reached skill level 6 in Long Blades
  5236 | D:4      | Reached skill level 5 in Fighting
  5313 | D:4      | Found an ancient bone altar of Kikubaaqudgha.
  5634 | D:5      | Entered Level 5 of the Dungeon
  5636 | D:5      | Found Kuudobox's Distillery.
  5928 | D:5      | Reached skill level 7 in Long Blades
  6025 | D:5      | Noticed a dream sheep
  6025 | D:5      | Noticed a dream sheep
  6025 | D:5      | Noticed a dream sheep
  6025 | D:5      | Noticed a dream sheep
  6025 | D:5      | Noticed a dream sheep
  6025 | D:5      | Found a shimmering altar of Xom.
  6026 | D:5      | Killed a dream sheep
  6026 | D:5      | Killed a dream sheep
  6026 | D:5      | Killed a dream sheep
  6026 | D:5      | Killed a dream sheep
  6026 | D:5      | Killed a dream sheep
  6027 | D:5      | Reached skill level 5 in Dodging
  6027 | D:5      | Reached XP level 8. HP: 69/69 MP: 8/8
  6049 | D:5      | Noticed Pikel
  6082 | D:5      | Found Awask's Distillery.
  6092 | D:5      | Killed Pikel
  6093 | D:5      | Reached skill level 8 in Long Blades
  6360 | D:5      | Bought a potion of degeneration for 13 gold pieces
  6360 | D:5      | Bought a potion of heal wounds for 65 gold pieces
  6360 | D:5      | Bought a potion of might for 52 gold pieces
  6382 | D:5      | Found a white marble altar of Elyvilon.
  6538 | D:5      | Noticed Dowan
  6539 | D:5      | Noticed Duvessa
  6558 | D:5      | Slain by Duvessa

Illustrated notes

Levels and vault maps discovered:
D:1:      psy_arrival_radial01, layout_rooms,
          shapermc_ecumenical_altar_mp_vishouse
D:2:      layout_loops_ring, uniq_terence
D:3:      layout_loops_corners, nicolae_tso_besieged_by_evil,
          lightli_temple_of_fire, gammafunk_ghost_split, uniq_pargi,
          uniq_jessica
D:4:      layout_loops_corners, mainiacjoe_overflow_tiny_flanked
D:5:      layout_loops_cross, elyvilon_altar_5,
          mainiacjoe_overflow_six_doors_small, kb_xom_exploding_sheep,
          serial_shops, shop, nicolae_shop_trees, uniq_duvessa, uniq_pikel

Skill      XL: |  1  2  3  4  5  6  7  8 |
---------------+-------------------------+-----
Throwing       | 2 |  2.0
Dodging        | 3 4 5 |  5.7
Fighting       | 3 4 5 6 |  6.3
Long Blades    | 4 5 7 8 |  8.3

Action                   |  1- 3 |  4- 6 |  7- 9 || total
-------------------------+-------+-------+-------++-------
Melee: Long sword        |   114 |   215 |   159 ||   488
       Tailslap          |    10 |    25 |    25 ||    60
       Punch             |     1 |     2 |     2 ||     5
Throw: Javelin           |     1 |       |       ||     1
       Throwing net      |       |     3 |       ||     3
 Abil: Breathe Acid      |       |       |    11 ||    11
  Use: Scroll            |       |    10 |     1 ||    11
       Potion            |       |     1 |     3 ||     4
 Stab: Sleeping          |     1 |       |     1 ||     2
       Held in net/web   |       |     1 |       ||     1
Armor: Skin              |    31 |    78 |    50 ||   159
Dodge: Dodged            |    83 |   181 |    96 ||   360

Table legend: (Time is in decaauts)
 A = Elapsed time spent in this place.
 B = Non-inter-level travel time spent in this place.
 C = Inter-level travel time spent in this place.
 D = Time resting spent in this place.
 E = Time spent auto-exploring this place.
 F = Levels seen in this place.
 G = Mean time per level.
                   A        B        C        D        E       F      G
               +--------+--------+--------+--------+--------+-----+--------+
         Total |   6639 |   6516 |    123 |   2287 |   3225 |   5 | 1327.8 |
       Dungeon |   6639 |   6516 |    123 |   2287 |   3225 |   5 | 1327.8 |
               +--------+--------+--------+--------+--------+-----+--------+

Top non-repeatable levels by time:
     D:3: 1844 daAuts
     D:4: 1584 daAuts
     D:1: 1193 daAuts
     D:2: 1091 daAuts
     D:5: 925 daAuts
